 Dungeon Crawl Stone Soup version 0.31.0-12-g77e489cdc1 (webtiles) character file.

Game seed: 7252455104136342734

42 RancidPinata the Sneak (level 3, -2/26 HPs)
             Began as an Octopode Delver on Feb 13, 2024.
             Slain by a phantom (3 damage)
             ... on level 5 of the Dungeon.
             The game lasted 00:04:12 (204 turns).

RancidPinata the Sneak (Octopode Delver)             Turns: 204, Time: 00:04:13

Health: -2/26      AC:  1    Str: 11    XL:     3   Next: 56%
Magic:  3/3        EV: 13    Int: 12    God:
Gold:   0          SH:  0    Dex: 15    Spells: 2/2 levels left

rFire   . . .        a - +0 short sword
rCold   . . .        (no shield)
rNeg    . . .        (helmet restricted)
rPois   .            (no amulet)
rElec   .            (no ring)
rCorr   .            (no ring)
SInv    .            (no ring)
Will    .....        (no ring)
Stlth   ++++++       (no ring)
HPRegen 0.24/turn    (no ring)
MPRegen 0.08/turn    (no ring)
                     (no ring)

%: no passive effects
@: hasted, very quick
A: almost no armour, amphibious, 8 rings, camouflage 1, gelatinous body 1,
nimble swimmer 1, tentacles
a: no special abilities


You were on level 5 of the Dungeon.
You visited 1 branch of the dungeon, and saw 2 of its levels.

Inventory:

Hand Weapons
 a - a +0 short sword (weapon)
Missiles
 g - 18 stones (quivered)
Wands
 f - a wand of digging (3)
Scrolls
 b - a scroll of fog
 d - a scroll of fear
Potions
 c - a potion of brilliance {unknown}
 i - a potion of enlightenment {unknown}


   Skills:
 * Level 3.4 Fighting
 + Level 2.3 Short Blades
 * Level 2.5 Dodging
 * Level 7.1 Stealth


You had 2 spell levels left.
You didn't know any spells.
Your spell library was empty.

Dungeon Overview and Level Annotations

Branches:
Dungeon (6/15)
 Temple: D:4-7

Altars:


Innate Abilities, Weirdness & Mutations

You cannot wear most types of armour.
You are amphibious.
You can wear up to eight rings at the same time.
Your skin changes colour to match your surroundings (Stealth+).
Your rubbery body absorbs attacks. (AC +1, EV +1)
You are camouflaged when in or above water. (Stealth+)
You have tentacles for arms and can constrict up to eight enemies at once.


Message History

The phantom hits you but does no damage.
You closely miss the phantom.
The phantom is heavily damaged.
You barely miss the phantom.
The phantom is heavily damaged.
The phantom misses you.
You miss the phantom.
The phantom is heavily damaged.
You closely miss the phantom.
The phantom is heavily damaged.
The phantom closely misses you.
You hit the phantom. Your squeeze misses the phantom.
The phantom is heavily damaged.
The phantom hits you.
* * * LOW HITPOINT WARNING * * *
The phantom blinks!
You blink.
Floosh!
You barely miss the phantom.
The phantom is heavily damaged.
You completely miss the phantom.
The phantom is heavily damaged.
The phantom hits you.
* * * LOW HITPOINT WARNING * * *
The phantom blinks!
You blink.
You hit the phantom but do no damage.
You squeeze the phantom, but do no damage.
The phantom is heavily damaged.
You enter the shallow water.
The phantom attacks as it pursues you! The phantom barely misses you.
You closely miss the phantom. Your squeeze misses the phantom.
The phantom is heavily damaged.
The phantom hits you.
* * * LOW HITPOINT WARNING * * *
You hit the phantom.
The phantom is severely damaged.
You miss the phantom.
You squeeze the phantom, but do no damage.
The phantom is severely damaged.
The phantom hits you.
You die...

....................# *,
..............).....# *,
....................# *,
......#######.######* *, #.###.#
#.##### *, #.# #.# #.oW..# *, #.#
#.# #..##.#****** *, #.# #.#
#..#W##~~~,~** *, ..# #.#
#..#@#,*****~* *, ### #.#
#o.#~#~**~**~* *, *.#
#.##~#~*~*,*~* *, *,*
#.##~#~*∩*~*,* *,
*,******#.*#.#~***~*~* *,
*,,,,,,,,,*#.#*~~~~*~# *,
***************#~#######~#******,
,,,,,,,,,,,,,,,##~.)~~~†#*,,,,,,,
****************#########********


You could see a phantom.

Vanquished Creatures
  A jelly (D:5)
  An adder (D:5)
  An orc (D:5)
  A giant cockroach (D:5)
4 creatures vanquished.

Notes
Turn   | Place    | Note
-------+----------+-------------------------------------------
     0 | D:5      | RancidPinata the Octopode Delver began the quest for the
                  | Orb.
     0 | D:5      | Reached XP level 1. HP: 16/16 MP: 1/1
    30 | D:5      | Noticed a jelly
    32 | D:5      | Reached XP level 2. HP: 21/21 MP: 2/2
    34 | D:5      | Reached skill level 7 in Stealth
    34 | D:5      | Reached XP level 3. HP: 26/26 MP: 3/3
    40 | D:6      | Noticed an ogre
    57 | D:6      | Noticed a gnoll sergeant
   138 | D:5      | Noticed a phantom
   199 | D:5      | HP: 1/26 [phantom (4)]
   204 | D:5      | Slain by a phantom

Illustrated notes

Levels and vault maps discovered:
D:5:      layout_basic, gup_sewer_entry_spiral, serial_shops,
          nicolae_shop_window_shopping
D:6:      layout_rooms, gammafunk_ghost_necromancy, hangedman_decor_lopped,
          nicolae_grassy_gnolls

Skill      XL: |  1  2 |
---------------+-------+-----
Stealth        | 7 |  7.1
Fighting       | |  3.4
Short Blades   | |  2.3
Dodging        | |  2.5

Action                     || total
---------------------------++-------
  Melee: Short sword       ||    39
         Tentacles         ||     7
         Constrict         ||     2
    Use: Potion            ||     3
         Scroll            ||     1
   Stab: Sleeping          ||     2
 Armour: Skin              ||    18
  Dodge: Dodged            ||    16
